 Dungeon Crawl Stone Soup version 0.27.1-34-g3ba077fa99 (webtiles) character file.

Game seed: 7874209541831305184

2982 comborobin the Cleaver (level 9, -9/84 HPs)
             Began as a Hill Orc Delver on Jan 6, 2022.
             Was a Follower of Uskayaw.
             Killed from afar by Erica (17 damage)
             ... with a lance of force
             ... on level 7 of the Dungeon.
             The game lasted 00:09:38 (11482 turns).

comborobin the Cleaver (Hill Orc Delver)           Turns: 11482, Time: 00:09:39

Health: -9/84      AC:  9    Str: 18    XL:     9   Next: 83%
Magic:  8/13       EV: 12    Int: 10    God:    Uskayaw [*.....]
Gold:   395        SH:  0    Dex: 12    Spells: 8/8 levels left

rFire    . . .     SeeInvis .   y - +0 battleaxe
rCold    + . .     Faith    .   (shield currently unavailable)
rNeg     . . .     Spirit   .   u - +0 steam dragon scales
rPois    +         Reflect  .   (no helmet)
rElec    .         Harm     .   s - +1 cloak
rCorr    .         Rampage  .   z - +0 pair of gloves
Will     .....                  (no boots)
Stlth    ++........             o - amulet of magic regeneration
HPRegen  0.24/turn              v - ring of poison resistance
MPRegen  0.38/turn              l - ring of protection from cold

@: slowed, very slow
A: no striking features
a: Renounce Religion, Stomp


You were on level 7 of the Dungeon.
You worshipped Uskayaw.
Uskayaw was noncommittal.
You visited 1 branch of the dungeon, and saw 8 of its levels.

You collected 395 gold pieces.

Inventory:

Hand Weapons
 a - a +0 hand axe
 x - a +0 war axe
 y - a +0 battleaxe (weapon)
Missiles
 f - a throwing net (quivered)
Armour
 b - a +0 leather armour
 m - a +0 ring mail
 s - a +1 cloak (worn)
 u - +0 steam dragon scales (worn)
 z - a +0 pair of gloves (worn)
Jewellery
 l - a ring of protection from cold (right hand)
 o - an amulet of magic regeneration (around neck)
 v - a ring of poison resistance (left hand)
 w - a ring of ice
Wands
 g - a wand of digging (3)
 h - a wand of polymorph (9)
 q - a wand of acid (7)
 t - a wand of flame (7)
Scrolls
 c - a scroll of fog
 d - 4 scrolls of noise
 e - a scroll of fear
 j - a scroll of identify
 k - 2 scrolls of teleportation
 p - a scroll of silence
 B - a scroll of immolation {unknown}
 C - a scroll of amnesia
Potions
 i - a potion of flight
 r - 3 potions of attraction
 A - a potion of magic


   Skills:
 - Level 9.5 Fighting
 + Level 12.1 Axes
 - Level 4.4 Armour
 - Level 1.5 Dodging
 - Level 4.1 Stealth
 - Level 5.4 Invocations


You had 8 spell levels left.
You didn't know any spells.
Your spell library contained the following spells:

 Spells                   Type           Power      Damage    Failure   Level
 Slow                     Hex            0%         N/A       50%         2
 Call Canine Familiar     Summ           0%         N/A       75%         3
 Confusing Touch          Hex            0%         N/A       75%         3
 Portal Projectile        Hex/Tloc       0%         N/A       75%         3
 Leda's Liquefaction      Hex/Erth       0%         N/A       98%         4
 Blade Hands              Tmut           0%         N/A       100%        5
 Excruciating Wounds      Necr           0%         N/A       100%        5
 Yara's Violent Unravell  Hex/Tmut       0%         3d3       100%        5


Dungeon Overview and Level Annotations

Branches:
Dungeon (8/15)             Temple (0/1) D:7
   Lair: D:8-11

Altars:
Dithmenos
Fedhas
Kikubaaqudgha
Uskayaw

Annotations:
D:7 Erica


Message History

Unknown command.
Unknown command.
Unknown command.
The kobold hits you but does no damage.
You hear some strange, mumbled words.
A bolt of poison appears from out of thin air!
The bolt of poison hits you. You resist.
* * * LOW HITPOINT WARNING * * *
Unknown command.
Unknown command.
You feel better. The kobold completely misses you.
You hear some strange, mumbled words.
You feel yourself slow down.
Unknown command.
Unknown command.
You slice the kobold!!
You kill the kobold!
Something hits you.
* * * LOW HITPOINT WARNING * * *
Something burns you.
* * * LOW HITPOINT WARNING * * *
Unknown command.
Unknown command.
It was a potion of magic.
Magic courses through your body.
You hear some strange, mumbled words.
Something tries to affect you, but you resist.
You stomp with the beat, sending a shockwave through the revellers around you!
Something hits you.
* * * LOW HITPOINT WARNING * * *
Something burns you.
* * * LOW HITPOINT WARNING * * *
You hear some strange, mumbled words.
A bolt of poison appears from out of thin air!
The bolt of poison misses you.
You stomp with the beat, sending a shockwave through the revellers around you!
You can no longer pass through a line of other dancers.
You hear some strange, mumbled words.
A lance of force appears from out of thin air!
The lance of force hits you!
You die...

##### ##########
#...###........#
#............#.#
#...###.####.#.# ##### ##.##
#.# #.#.# #.... #.# #.#
#.#.##### #.### #.####.#
#.......#########.### #..).#.#
###.)...............# ####.#.#
####{@##.#######.....# #.#.#
#....)..........<....#
####.#.###.##..##.#######.....#
#.......##.##..##.#### #.....#
#.##.#..<............# ##.####
###.##.##......#.#####.# #.#
.......##........#####.#####.#
.......###.....#......#......#
.......# ##...########.#######


There were no monsters in sight!

Vanquished Creatures
  A hornet (D:7)
  Sigmund (D:2)
  A steam dragon (D:7)
  A black bear (D:5)
  4 necrophages
  3 sky beasts
  3 ogres
  2 centaurs (D:7)
  A bullfrog (D:6)
  A scorpion (D:6)
  2 water moccasin zombies
  2 wyvern skeletons (D:6)
  A water moccasin skeleton (D:5)
  4 wights
  3 howler monkeys (D:6)
  2 centaur zombies
  2 jellies
  3 hounds (D:5)
  3 orc priests
  A centaur skeleton (D:7)
  2 gnoll shamans
  An iguana (D:5)
  An orc wizard (D:6)
  Natasha (thrice) (D:4)
  6 gnolls
  5 adders
  An ufetubus (D:5)
  2 adder skeletons
  2 worms (D:2)
  2 dart slugs
  11 orcs
  8 bats
  5 endoplasms
  A giant cockroach (D:3)
  5 hobgoblins
  7 jackals
  2 quokkas
  8 ball pythons
  2 frilled lizards
  7 goblins
  A jackal skeleton (D:4)
  6 kobolds
  6 rats
135 creatures vanquished.

Vanquished Creatures (others)
  A kobold (D:8)
  2 fungi (D:1)
  7 plants
10 creatures vanquished.

Grand Total: 145 creatures vanquished

Notes
Turn   | Place    | Note
-------+----------+-------------------------------------------
     0 | D:5      | comborobin the Hill Orc Delver began the quest for the Orb.
     0 | D:5      | Reached XP level 1. HP: 19/19 MP: 1/1
     1 | D:6      | Noticed a howler monkey
     1 | D:6      | Noticed a necrophage
     1 | D:6      | Noticed a scorpion
    57 | D:5      | Reached skill level 3 in Axes
   218 | D:5      | Noticed an ogre
   225 | D:5      | Noticed an orc priest
   263 | D:4      | Reached XP level 2. HP: 26/26 MP: 2/2
   284 | D:4      | Noticed Natasha
   292 | D:4      | Noticed a crimson imp
   297 | D:4      | Noticed a crimson imp
   304 | D:4      | Killed Natasha
   305 | D:4      | Reached skill level 4 in Axes
   305 | D:4      | Reached XP level 3. HP: 4/31 MP: 3/3
   604 | D:4      | Reached skill level 5 in Axes
   604 | D:4      | Reached XP level 4. HP: 24/39 MP: 4/4
   911 | D:4      | Noticed Natasha
   961 | D:4      | Killed Natasha
   962 | D:4      | Reached skill level 6 in Axes
  1575 | D:4      | Noticed Natasha
  1582 | D:4      | Killed Natasha
  1583 | D:4      | Reached XP level 5. HP: 28/45 MP: 5/5
  2272 | D:4      | Reached skill level 7 in Axes
  2888 | D:3      | Found a blossoming altar of Fedhas.
  3663 | D:2      | Reached skill level 8 in Axes
  3699 | D:2      | You fall into a shaft and drop 2 floors!
  3748 | D:5      | Noticed an ogre
  3754 | D:5      | Noticed a black bear
  3759 | D:5      | Killed an ogre
  3760 | D:5      | Reached XP level 6. HP: 39/51 MP: 6/6
  3766 | D:5      | Killed a black bear
  3767 | D:5      | Reached skill level 9 in Axes
  3925 | D:5      | Noticed a necrophage
  3939 | D:5      | Killed a necrophage
  3940 | D:5      | Reached XP level 7. HP: 40/57 MP: 7/7
  4203 | D:5      | Reached skill level 10 in Axes
  4385 | D:5      | Reached skill level 5 in Fighting
  4725 | D:5      | Found a hide-covered altar of Uskayaw.
  4725 | D:5      | Noticed a +0 hand axe
  4725 | D:5      | Noticed a +0 hand axe
  4891 | D:5      | Became a worshipper of Uskayaw the Reveller
  5001 | D:5      | Reached * piety under Uskayaw
  5005 | D:5      | Reached ** piety under Uskayaw
  5006 | D:5      | Reached XP level 8. HP: 46/71 MP: 8/8
  6539 | D:2      | Noticed Sigmund
  6580 | D:2      | Reached *** piety under Uskayaw
  6584 | D:2      | Reached **** piety under Uskayaw
  6585 | D:2      | Killed Sigmund
  6586 | D:2      | Reached skill level 1 in Armour
  6586 | D:2      | Reached skill level 1 in Invocations
  8323 | D:1      | Found a faded altar of an unknown god.
  8443 | D:6      | Reached ***** piety under Uskayaw
  8453 | D:6      | Reached ****** piety under Uskayaw
  8459 | D:6      | Reached XP level 9. HP: 9/82 MP: 11/11
  9067 | D:6      | HP: 4/83 [something (6)]
  9074 | D:6      | HP: 3/83 [adder (2)]
  9818 | D:6      | Reached skill level 11 in Axes
 10012 | D:7      | Noticed a hornet
 10016 | D:7      | Paralysed by a hornet for 1 turns
 10019 | D:7      | Killed a hornet
 10020 | D:7      | Reached skill level 5 in Invocations
 11140 | D:7      | Found a staircase to the Ecumenical Temple.
 11255 | D:8      | Found a shadowy altar of Dithmenos.
 11256 | D:8      | Noticed Erica
 11459 | D:8      | Found an ancient bone altar of Kikubaaqudgha.
 11474 | D:7      | Reached skill level 12 in Axes
 11482 | D:7      | Killed from afar by Erica

Illustrated notes

Levels and vault maps discovered:
D:1:      dpeg_arrival_simpleton_a, layout_loops_corners,
          shapermc_ecumenical_altar_petra, minmay_misc_feat_rugged,
          corner_web_ring
D:2:      layout_basic, serial_glass, glass_columns_c, glass_columns_c,
          uniq_sigmund
D:3:      layout_basic, fedhas_altar_2
D:4:      layout_cave_pods, minivault_4, uniq_natasha
D:5:      layout_gridville, dancing_weapons_uskayaw
D:6:      layout_rooms, minmay_stone_trees_small, serial_bayou_crossing
D:7:      layout_loops_ring, minmay_temple_entry_from_below_b
D:8:      layout_cave_pools, jmf_multi_god_temple2, grunt_temple_overflow_open,
          dpeg_oklobed_lair, gammafunk_ghost_hydra_chop, uniq_erica

Skill      XL: |  1  2  3  4  5  6  7  8  9 |
---------------+----------------------------+-----
Axes           | 3 4 5 6 8 9 10 12 | 12.1
Fighting       | 6 8 9 |  9.5
Armour         | 2 4 |  4.4
Invocations    | 3 5 |  5.4
Dodging        | |  1.5
Stealth        | |  4.1

Action                   |  1- 3 |  4- 6 |  7- 9 || total
-------------------------+-------+-------+-------++-------
Melee: Hand axe          |    25 |   132 |   317 ||   474
       Unarmed           |     7 |    20 |     5 ||    32
       Battleaxe         |       |       |    35 ||    35
       War axe           |       |       |    24 ||    24
Throw: Throwing net      |       |       |     1 ||     1
Invok: Stomp             |       |       |     2 ||     2
Evoke: Wand              |     1 |     3 |     6 ||    10
  Use: Scroll            |     1 |       |     8 ||     9
       Potion            |       |     3 |     6 ||     9
 Stab: Sleeping          |     1 |     3 |     9 ||    13
       Paralysed         |       |       |     7 ||     7
Armor: Leather armour    |    13 |    25 |    59 ||    97
       Skin              |     1 |    14 |       ||    15
       Steam dragon scal |       |       |    22 ||    22
       Ring mail         |       |       |    13 ||    13
Dodge: Dodged            |    46 |    88 |   217 ||   351
